 Dungeon Crawl Stone Soup version 0.24.0-1-gfbc8707 (webtiles) character file.

Game seed: 6450666796684184078, levelgen mode: deterministic

70 Faca the Protected (level 4, 0/32 HPs)
             Began as a Gnoll Wanderer on Nov 6, 2019.
             Killed from afar by an orc wizard (7 damage)
             ... with a puff of frost
             ... on level 2 of the Dungeon.
             The game lasted 00:03:43 (2358 turns).

Faca the Protected (Gnoll Wanderer)                 Turns: 2358, Time: 00:03:46

Health: 0/32       AC: 11    Str: 17    XL:     4   Next: 21%
Magic:  6/6        EV: 10    Int: 14    God:
Gold:   25         SH:  0    Dex: 13    Spells: 5/5 levels left

rFire    . . .     SeeInvis .   p - +0 whip
rCold    . . .     Gourm    .   (no shield)
rNeg     . . .     Faith    .   l - +0 scale mail
rPois    .         Spirit   .   c - +2 hat
rElec    .         Reflect  .   (no cloak)
rCorr    .         Harm     .   e - +0 pair of gloves
MR       .....                  (no boots)
Stlth    ..........             (no amulet)
HPRegen  0.10/turn              (no ring)
MPRegen  0.10/turn              (no ring)

@: invisible
A: distributed training, fangs 1, strong nose
a: no special abilities


You were on level 2 of the Dungeon.
You were near starving.

You visited 1 branch of the dungeon, and saw 3 of its levels.

You collected 25 gold pieces.

Inventory:

Hand Weapons
 a - a +3 hand crossbow
 p - a +0 whip (weapon)
Missiles
 b - 22 bolts
Armour
 c - a +2 hat (worn)
 e - a +0 pair of gloves (worn)
 l - a +0 scale mail (worn)
Scrolls
 d - 2 scrolls of teleportation
 h - 2 scrolls of enchant armour {unknown}
 i - 2 scrolls of immolation
 m - a scroll of fear
Potions
 j - a potion of curing {unknown}
 k - a potion of lignification
Comestibles
 f - 4 rations


   Skills:
 + Level 1.0 Fighting
 + Level 1.0 Short Blades
 + Level 1.0 Long Blades
 + Level 1.0 Axes
 + Level 1.0 Maces & Flails
 + Level 1.0 Polearms
 + Level 1.0 Staves
 + Level 1.0 Slings
 + Level 1.0 Bows
 + Level 8.5 Crossbows
 + Level 1.0 Throwing
 + Level 8.5 Armour
 + Level 1.0 Dodging
 + Level 1.0 Stealth
 + Level 2.7 Shields
 + Level 1.0 Unarmed Combat
 + Level 1.0 Spellcasting
 + Level 0.8 Conjurations
 + Level 0.8 Hexes
 + Level 0.8 Charms
 + Level 0.8 Summonings
 + Level 0.8 Necromancy
 + Level 0.8 Translocations
 + Level 0.8 Transmutations
 + Level 0.8 Fire Magic
 + Level 0.8 Ice Magic
 + Level 0.8 Air Magic
 + Level 0.8 Earth Magic
 + Level 0.8 Poison Magic
 + Level 1.1 Invocations
 + Level 2.7 Evocations


You had 5 spell levels left.
You didn't know any spells.
Your spell library was empty.

Dungeon Overview and Level Annotations

Branches:
Dungeon (3/15)

Altars:


Innate Abilities, Weirdness & Mutations

Your experience applies equally to all skills.
You have very sharp teeth.
Your uncanny sense of smell can sniff out nearby items.


Message History

You closely miss the orc wizard. Your bite misses the orc wizard.
The orc wizard is moderately wounded.
The orc wizard begins to cast a cantrip, but forgets the words!
The orc wizard barely misses you. The orc barely misses you.
You barely miss the orc wizard.
The orc wizard is moderately wounded.
The orc wizard hits you with a +0 dagger.
The orc hits you but does no damage.
You hit the orc wizard but do no damage.
The orc wizard is moderately wounded.
The orc wizard hits you but does no damage. x2
The orc hits you with a +0 dagger.
* * * LOW HITPOINT WARNING * * *
It was a potion of invisibility.
You fade into invisibility!
The orc wizard hits you but does no damage.
The orc hits you but does no damage. The orc wizard casts a spell at you.
The puff of frost hits you!
You die...

#.....##############
#.###..............#
#.#................#
#.#..#.#################
#########.#..#.#...............#
..........#..#.#.############.##
#######......#.#o#.............#
#...#.'......#.#o#.#########..##
#.#.###....#.#.#@#.# #..#
#.#....#####.#.#o#.# #..#
#............#.#.#.# #..#
######.#######.#.#.# #†.#
'......# #.#.#.# #..#
##############.#.#.#########..##
##...........#.#.#.............#
##.#########.#.#.....#..#####.##
##.# #.#.#####.#..# #.#


You could see an orc wizard and 2 orcs.

Vanquished Creatures
  A hound skeleton (D:2)
  An adder (D:2)
  An ooze (D:2)
  A dart slug (D:2)
  4 leopard geckos
  An orc (D:2)
  5 giant cockroaches
  4 goblins
  5 hobgoblins
  3 kobolds
  3 bats
  2 frilled lizards (D:1)
  5 rats
36 creatures vanquished.

Notes
Turn   | Place    | Note
-------+----------+-------------------------------------------
     0 | D:1      | Faca the Gnoll Wanderer began the quest for the Orb.
     0 | D:1      | Faca set off with the following items: a +2 hand crossbow,
                  | 22 bolts, a +0 ring mail, a scroll of teleportation, a
                  | ration
     0 | D:1      | Reached XP level 1. HP: 13/13 MP: 2/2
   270 | D:1      | Reached XP level 2. HP: 11/19 MP: 3/3
  1195 | D:2      | Reached XP level 3. HP: 23/25 MP: 4/4
  1448 | D:2      | Reached skill level 1 in Invocations
  1593 | D:2      | Reached skill level 1 in Fighting
  1593 | D:2      | Reached skill level 1 in Short Blades
  1593 | D:2      | Reached skill level 1 in Long Blades
  1593 | D:2      | Reached skill level 1 in Axes
  1593 | D:2      | Reached skill level 1 in Maces & Flails
  1593 | D:2      | Reached skill level 1 in Polearms
  1593 | D:2      | Reached skill level 1 in Staves
  1593 | D:2      | Reached skill level 1 in Slings
  1593 | D:2      | Reached skill level 1 in Bows
  1593 | D:2      | Reached skill level 1 in Throwing
  1593 | D:2      | Reached skill level 1 in Dodging
  1593 | D:2      | Reached skill level 1 in Stealth
  1593 | D:2      | Reached skill level 1 in Unarmed Combat
  1593 | D:2      | Reached skill level 1 in Spellcasting
  1593 | D:2      | Reached XP level 4. HP: 27/32 MP: 4/6
  2358 | D:2      | Killed from afar by an orc wizard

Levels and vault maps discovered:
D:1:      nicolae_arrival_memento_mori, layout_rooms, hex_intersection,
          minmay_split_cup_large
D:2:      layout_basic
D:3:      minmay_wonky_spiral, layout_loops_ring, xom_butterflies,
          nicolae_overflow_hidden_temple, grunt_qazlal_sundering, uniq_robin,
          uniq_sigmund

Skill      XL: |  1  2  3 |
---------------+----------+-----
Invocations    | 1 |  1.1
Fighting       | 1 |  1.0
Short Blades   | 1 |  1.0
Long Blades    | 1 |  1.0
Axes           | 1 |  1.0
Maces & Flails | 1 |  1.0
Polearms       | 1 |  1.0
Staves         | 1 |  1.0
Slings         | 1 |  1.0
Bows           | 1 |  1.0
Throwing       | 1 |  1.0
Dodging        | 1 |  1.0
Stealth        | 1 |  1.0
Unarmed Combat | 1 |  1.0
Spellcasting   | 1 |  1.0
Crossbows      | |  8.5
Armour         | |  8.5
Shields        | |  2.7
Conjurations   | |  0.8
Hexes          | |  0.8
Charms         | |  0.8
Summonings     | |  0.8
Necromancy     | |  0.8
Translocations | |  0.8
Transmutations | |  0.8
Fire Magic     | |  0.8
Ice Magic      | |  0.8
Air Magic      | |  0.8
Earth Magic    | |  0.8
Poison Magic   | |  0.8
Evocations     | |  2.7

Action                   |  1- 3 |  4- 6 || total
-------------------------+-------+-------++-------
Melee: Club              |    41 |       ||    41
       Bite              |    18 |     3 ||    21
       Whip              |   108 |    47 ||   155
 Fire: Hand crossbow     |     1 |       ||     1
  Use: Scroll            |     7 |       ||     7
       Potion            |       |     1 ||     1
  Eat: Chunk             |     2 |     1 ||     3
Armor: Ring mail         |    14 |       ||    14
       Scale mail        |    77 |    40 ||   117
Dodge: Dodged            |    84 |    33 ||   117
